 Dungeon Crawl Stone Soup version 0.23.0 (webtiles) character file.

Game seed: 11211676190898425774

60 vishdafish the Chucker (level 3, 0/35 HPs)
             Began as a Troll Hunter on Feb 15, 2019.
             Succumbed to an adder's poison
             ... on level 2 of the Dungeon.
             The game lasted 00:03:17 (1749 turns).

vishdafish the Chucker (Troll Hunter)               Turns: 1749, Time: 00:03:18

Health: 0/35       AC:  7    Str: 21    XL:     3   Next: 80%
Magic:  2/2        EV: 10    Int: 12    God:
Gold:   156        SH:  0    Dex: 10    Spells: 2/2 levels left

rFire    . . .     SeeInvis .   e - +0 club
rCold    . . .     Gourm    +   (no shield)
rNeg     . . .     Faith    .   b - +0 robe
rPois    .         Spirit   .   (helmet restricted)
rElec    .         Reflect  .   q - +0 cloak
rCorr    +         Harm     .   (gloves unavailable)
MR       .....                  (boots unavailable)
Stlth    +.........             (no amulet)
HPRegen  0.51/turn              j - ring of resist corrosion
MPRegen  0.08/turn              (no ring)

@: brilliant, lethally poisoned (0 -> -5), flying
A: large, unfitting armour, claws 3, fast metabolism 3, gourmand, regeneration
1, shaggy fur 1, tough skin 3
a: no special abilities


You were on level 2 of the Dungeon.
You were not hungry.

You visited 1 branch of the dungeon, and saw 2 of its levels.

You collected 156 gold pieces.

Inventory:

Hand Weapons
 a - a +0 short sword
 e - a +0 club (weapon)
 k - a +0 club
Missiles
 c - 3 large rocks (quivered)
 d - 2 throwing nets
 t - 8 javelins
Armour
 b - a +0 robe (worn)
 q - a +0 cloak (worn)
Jewellery
 j - a ring of resist corrosion (left claw)
Scrolls
 g - 5 scrolls of remove curse {unknown}
 h - a scroll of enchant armour {unknown}
 i - a scroll of immolation {unknown}
 l - a scroll of teleportation {unknown}
 n - a scroll of magic mapping {unknown}
 o - 4 scrolls of identify {unknown}
 p - a scroll of enchant weapon {unknown}
 r - a scroll of fear {unknown}
Comestibles
 f - 6 rations


   Skills:
 + Level 2.0 Fighting
 * Level 1.5 Maces & Flails
 + Level 3.9 Throwing
 + Level 0.9 Armour
 + Level 2.0 Dodging
 - Level 0.3 Stealth


You had 2 spell levels left.
You didn't know any spells.
Your spell library was empty.

Dungeon Overview and Level Annotations

Branches:
Dungeon (2/15)

Altars:
Elyvilon
Fedhas
Zin


Innate Abilities, Weirdness & Mutations

You are too large for most types of armour.
You have claws for hands.
Your metabolism is lightning-fast.
You like to eat raw meat.
Your natural rate of healing is unusually fast.
You are covered in fur. (AC +1)
You have extremely tough skin. (AC +3)


Message History

* * * LOW HITPOINT WARNING * * *
You feel sick. The adder completely misses you. The adder bites you.
* * * LOW HITPOINT WARNING * * *
The adder bites you but does no damage.
* * * LOW HITPOINT WARNING * * *
You feel sick. The adder barely misses you.
You aren't carrying any potions.
Okay, then.
Throwing (i - inventory. (/) - cycle)
c - 5 large rocks (quivered)
Press: ? - help, Shift-Dir - straight line, f - adder
Aim: an adder You throw a large rock.
The large rock misses the adder. x2
* * * LOW HITPOINT WARNING * * *
You feel sick. The adder bites you but does no damage.
The adder barely misses you.
Throwing (i - inventory. (/) - cycle)
c - 4 large rocks (quivered)
Press: ? - help, Shift-Dir - straight line, f/p - adder
Aim: an adder You throw a large rock.
The large rock barely misses the adder.
You die...

###### ###### #.....
#S@..## #.####
##S##..# #.#
#.#.##(########.####
#(#...#..............
#...#.##########.....
##.#..# #..... ## .##
#..... #. #..... .#
########.....


You could see 2 adders.

Vanquished Creatures
  2 adders (D:2)
  2 dart slugs
  A leopard gecko (D:2)
  2 ball pythons (D:2)
  3 giant cockroaches
  A goblin (D:2)
  5 hobgoblins
  6 jackals (D:2)
  4 bats
  A frilled lizard (D:2)
  3 kobolds
  5 rats
35 creatures vanquished.

Notes
Turn   | Place    | Note
-------+----------+-------------------------------------------
     0 | D:1      | vishdafish the Troll Hunter began the quest for the Orb.
     0 | D:1      | Reached XP level 1. HP: 19/19 MP: 0/0
   171 | D:1      | Reached XP level 2. HP: 11/28 MP: 1/1
   889 | D:2      | Found a blossoming altar of Fedhas.
   954 | D:2      | Reached skill level 1 in Maces & Flails
   966 | D:2      | Reached XP level 3. HP: 23/35 MP: 2/2
  1405 | D:2      | Found a glowing silver altar of Zin.
  1407 | D:2      | Found a white marble altar of Elyvilon.
  1749 | D:2      | Succumbed to an adder's poison

Skill      XL: |  1  2  3 |
---------------+----------+-----
Maces & Flails | 1 |  1.5
Fighting       | 2 |  2.0
Dodging        | 2 |  2.0
Throwing       | |  3.9
Armour         | |  0.9
Stealth        | |  0.3

Action                   || total
-------------------------++-------
Melee: Club              ||   187
       Short sword       ||     4
Throw: Large rock        ||     7
  Use: Potion            ||     2
 Stab: Sleeping          ||     1
  Eat: Chunk             ||     7
       Ration            ||     2
Armor: Robe              ||   134
Dodge: Dodged            ||   159
